 Dungeon Crawl Stone Soup version 0.28.0-47-ge53b351184 (webtiles) character file.

Game seed: 5193557999325649927

217 pkoi the Ruffian (level 5, -1/66 HPs)
             Began as a Demigod Gladiator on May 3, 2022.
             Slain by a scorpion (3 damage)
             ... on level 4 of the Dungeon.
             The game lasted 00:04:38 (4923 turns).

pkoi the Ruffian (Demigod Gladiator)                Turns: 4923, Time: 00:04:39

Health: -1/66      AC: 22    Str: 22 (25) XL:     5   Next: 35%
Magic:  7/7        EV:  2    Int:  7 (10) God:
Gold:   63         SH:  0    Dex: 13 (15) Spells: 4/4 levels left

rFire   . . .      SeeInvis .   j - +1 rapier of Yesterday {drain, rElec Str+6 Stlth+}
rCold   . . .      Faith    .   (no shield)
rNeg    . . .      Spirit   .   (armour currently unavailable)
rPois   +          Reflect  .   (helmet currently unavailable)
rElec   +          Harm     .   (cloak currently unavailable)
rCorr   .          Rampage  .   (gloves currently unavailable)
Will    .....      NoTele   +   (boots currently unavailable)
Stlth   ++........              (no amulet)
HPRegen 0.21/turn               (no ring)
MPRegen 0.10/turn               (no ring)

@: lethally poisoned (-1 -> -5), tree-form
A: stationary, stasis, torment immunity, boosted hp, high MP 1, forlorn, divine
attributes, MP-powered wands
a: no special abilities


You were on level 4 of the Dungeon.
You were a tree.
You visited 1 branch of the dungeon, and saw 4 of its levels.

You collected 63 gold pieces.

Inventory:

Hand Weapons
 h - a +1 short sword
 i - a +0 short sword
 j - the +1 rapier of Yesterday (weapon) {drain, rElec Str+6 Stlth+}
   (You found it on level 2 of the Dungeon)

   A truly terrible weapon, it drains the life of any living foe it strikes.
   Str:       It affects your strength (+6).
   rElec:     It insulates you from electricity.
   Stlth:     It makes you more stealthy.
Missiles
 c - 3 throwing nets (quivered)
 m - 6 poisoned darts
Armour
 a - a +0 leather armour
 b - a +0 helmet (melded)
 k - a +0 cloak
 n - a scarf of repulsion (melded)
 o - a +0 chain mail (melded)
Scrolls
 d - a scroll of enchant armour {unknown}
 f - a scroll of immolation
Potions
 p - a potion of lignification


   Skills:
 + Level 2.8 Fighting
 - Level 1.7 Throwing
 + Level 2.0 Armour
 + Level 2.7 Dodging
 + Level 4.8 Unarmed Combat


You had 4 spell levels left.
You didn't know any spells.
Your spell library was empty.

Dungeon Overview and Level Annotations

Branches:
Dungeon (4/15)             Temple (0/1) D:4

Shops:
D:3 (

Annotations:
D:4 Eustachio


Innate Abilities, Weirdness & Mutations

You are a tree.
Your roots penetrate the ground, keeping you stationary.
You cannot be teleported.
You are immune to unholy pain and torment.
Your maximum health is greatly increased.
Your equipment is partially melded.
You have an increased reservoir of magic. (+10% MP)
You shall have no god before yourself.
Your divine heritage dramatically boosts your attributes as you level up.
You expend magic power (3 MP) to strengthen your wands.


Message History

You hit the scorpion but do no damage.
The scorpion is heavily wounded.
You feel sick. The scorpion stings you.
* * * LOW HITPOINT WARNING * * *
You are more poisoned.
The scorpion poisons you! The scorpion barely misses you.
Eustachio gestures wildly while chanting.
You closely miss the scorpion.
The scorpion is heavily wounded.
* * * LOW HITPOINT WARNING * * *
You feel very sick. The scorpion stings you.
* * * LOW HITPOINT WARNING * * *
Unknown command.
You closely miss the scorpion. Your punch misses the scorpion.
The scorpion is heavily wounded.
* * * LOW HITPOINT WARNING * * *
You feel very sick.
The scorpion stings you but does no damage. x2
Unknown command.
It was a potion of lignification.
You turn into a tree.
Your scarf of repulsion melds into your body.
Your +0 helmet melds into your body.
Your +0 chain mail melds into your body.
The haze of the repulsion field disappears.
Your roots penetrate the ground.
* * * LOW HITPOINT WARNING * * *
You feel sick.
The scorpion stings you but does no damage.
It was a potion of degeneration.
There was something very wrong with that liquid.
You feel weakened.
You feel dopey.
You feel clumsy.
* * * LOW HITPOINT WARNING * * *
You feel sick.
The scorpion stings you but does no damage.
It was a potion of mutation.
You feel extremely strange.
You feel your magical essence link to the dungeon's wands.
* * * LOW HITPOINT WARNING * * *
You feel sick. The scorpion stings you.
You die...

#... ...########
..#...... )......
#..... #.... #. #..#
#.. #♣# ... #s#..#
#### #B#..##..#
.##...###KK..#...##
........5ZO...:...##
##...#............#
..# #............#
#............#
#......#..........#


You could see an ogre, a scorpion (drained), an iron imp (summoned), a giant
cockroach, 2 kobolds and an adder skeleton.

Vanquished Creatures
  A phantom (D:3)
  An orc wizard (D:2)
  2 adders (D:2)
  5 worms
  A dart slug (D:1)
  5 orcs
  4 endoplasms
  5 giant cockroaches
  4 goblins
  2 hobgoblins
  8 jackals
  7 kobolds
  6 quokkas
  10 ball pythons
  6 bats
  5 frilled lizards
  4 rats
76 creatures vanquished.

Notes
Turn   | Place    | Note
-------+----------+-------------------------------------------
     0 | D:1      | pkoi the Demigod Gladiator began the quest for the Orb.
     0 | D:1      | Reached XP level 1. HP: 17/17 MP: 3/3
    28 | D:1      | Reached skill level 3 in Unarmed Combat
   599 | D:1      | Reached XP level 2. HP: 24/24 MP: 4/4
  2142 | D:1      | Reached XP level 3. HP: 29/29 MP: 5/5
  2209 | D:2      | Reached skill level 4 in Unarmed Combat
  2348 | D:2      | Identified the +1 rapier of Yesterday {drain, rElec Str+6
                  | Stlth+}
  3118 | D:2      | Reached XP level 4. HP: 29/36 MP: 6/6
  3353 | D:2      | Reached skill level 1 in Armour
  3924 | D:3      | Noticed a phantom
  3941 | D:3      | Killed a phantom
  3942 | D:3      | Reached XP level 5. HP: 17/42 MP: 7/7
  4324 | D:3      | Found Afeytsim's Weapon Boutique.
  4664 | D:3      | Noticed an Executioner
  4890 | D:4      | Noticed an ogre
  4892 | D:4      | Found a staircase to the Ecumenical Temple.
  4896 | D:4      | Noticed Eustachio
  4921 | D:4      | HP: 3/66 [poisoned by a scorpion]
  4923 | D:4      | Gained mutation: You expend magic power (3 MP) to
                  | strengthen your wands. [potion of mutation]
  4923 | D:4      | Slain by a scorpion

Illustrated notes

Levels and vault maps discovered:
D:1:      heliophobic_arrival_enchanted_forest, layout_loops_corners,
          minivault_19
D:2:      layout_basic
D:3:      layout_loops_ring, makhleb_altar_promises_db, serial_glass,
          glass_columns_a, glass_columns_a, serial_shops, nicolae_shop_stone,
          bh_walls_and_bars
D:4:      layout_rooms, minmay_temple_entry_grid,
          lightli_ossuary_entry_decrepit_ruins, grunt_ministairs_15,
          amcnicky_mini_pool_small, uniq_eustachio, uniq_grinder

Skill      XL: |  1  2  3  4  5 |
---------------+----------------+-----
Unarmed Combat | 3 4 |  4.8
Fighting       | 2 |  2.8
Armour         | 1 2 |  2.0
Throwing       | |  1.7
Dodging        | |  2.7

Action                   |  1- 3 |  4- 6 || total
-------------------------+-------+-------++-------
Melee: Unarmed           |    86 |       ||    86
       Punch             |     1 |     2 ||     3
       Short sword       |    25 |       ||    25
       Rapier            |    45 |    79 ||   124
  Use: Scroll            |       |     4 ||     4
       Potion            |       |     3 ||     3
 Stab: Sleeping          |     4 |     2 ||     6
Armor: Leather armour    |    56 |    10 ||    66
       Chain mail        |       |    34 ||    34
       Skin              |       |     2 ||     2
Dodge: Dodged            |    98 |    40 ||   138
